 Dungeon Crawl Stone Soup version 0.25.0-9-g26727b657a (webtiles) character file.

Game seed: 7616457867272816836

1765 HoaS the Cruncher (level 9, -6/57 HPs)
             Began as a Gargoyle Gladiator on June 20, 2020.
             Mangled by an orc warrior
             ... wielding a +0 dire flail
              (9 damage)
             ... on level 6 of the Dungeon.
             The game lasted 00:14:38 (5483 turns).

HoaS the Cruncher (Gargoyle Gladiator)              Turns: 5483, Time: 00:14:38

Health: -6/57      AC: 18    Str: 22    XL:     9   Next: 7%
Magic:  9/9        EV:  6    Int:  8    God:
Gold:   363        SH:  0    Dex: 11    Spells: 8/8 levels left

rFire    + . .     SeeInvis .   a - +1 quarterstaff
rCold    + . .     Gourm    .   (shield currently unavailable)
rNeg     + . .     Faith    .   t - +0 plate armour
rPois    ∞         Spirit   .   c - +1 helmet
rElec    +         Reflect  .   (no cloak)
rCorr    .         Harm     .   (no gloves)
MR       .....                  (no boots)
Stlth    ..........             B - amulet of the acrobat
HPRegen  0.19/turn              j - ring of protection from fire
MPRegen  0.11/turn              s - ring of protection from cold

@: no status effects
A: negative energy resistance 1, electricity resistance, unbreathing,
petrification resistance, rot immunity, AC +6
a: no special abilities


You were on level 6 of the Dungeon.
You were hungry.

You visited 1 branch of the dungeon, and saw 7 of its levels.

You collected 363 gold pieces.

Inventory:

Hand Weapons
 a - a +1 quarterstaff (weapon)
Missiles
 d - 2 throwing nets (quivered)
 i - 6 boomerangs
 o - 13 poisoned darts
 A - 13 javelins
Armour
 c - a +1 helmet (worn)
 t - a +0 plate armour (worn)
Jewellery
 j - a ring of protection from fire (left hand)
 l - an uncursed ring of ice
 s - a ring of protection from cold (right hand)
 B - an amulet of the acrobat (around neck)
Wands
 v - a wand of random effects (27)
 y - a wand of iceblast (5)
Scrolls
 e - 5 scrolls of remove curse
 x - a scroll of teleportation
Potions
 b - 2 potions of ambrosia
 g - 6 potions of curing
 h - 3 potions of haste
 k - a potion of flight {unknown}
 m - a potion of might {unknown}
 n - 3 potions of berserk rage {unknown}
 r - 3 potions of lignification {unknown}
 u - a potion of stabbing {unknown}
 z - a potion of resistance {unknown}
Comestibles
 f - 15 rations


   Skills:
 + Level 7.4 Fighting
 * Level 9.8 Staves
 - Level 1.7 Throwing
 - Level 2.4 Dodging


You had 8 spell levels left.
You didn't know any spells.
Your spell library contained the following spells:

 Spells                   Type           Power        Failure   Level  Hunger
 Magic Dart               Conj           #...         100%        1    ##.....
 Searing Ray              Conj           #.....       100%        2    ###....
 Dazzling Flash           Conj/Hex       #.....       100%        3    ####...
 Fulminant Prism          Conj/Hex       #.........   100%        4    #####..
 Iskenderun's Mystic Bla  Conj/Tloc      #.......     100%        4    #####..


Dungeon Overview and Level Annotations

Branches:
Dungeon (7/15)
 Temple: D:4-7

Altars:
Ashenzari
Cheibriados
Elyvilon
Gozag
Hepliaklqana
Nemelex Xobeh
Qazlal
Trog
Yredelemnul
The Shining One

Annotations:
D:4 1 runed translucent door


Innate Abilities, Weirdness & Mutations

You are resistant to torment.
Your stone body is resilient. (AC +6)
You are immune to poison.
You resist negative energy. (rN+)
You are resistant to electric shocks. (rElec)
You can survive without breathing.
You are immune to petrification.
You are immune to rotting.


Message History

You hit the orc warrior but do no damage.
The orc warrior is lightly wounded.
The orc warrior hits you with a +0 dire flail!
* * * LOW HITPOINT WARNING * * *
Your plate armour prevents you from hitting the orc warrior.
The orc warrior is lightly wounded.
The orc warrior completely misses you.
You hit the orc warrior.
The orc warrior is lightly wounded.
The orc warrior barely misses you.
You hit the orc warrior but do no damage.
The orc warrior is lightly wounded.
You sock the orc warrior!
The orc warrior is heavily wounded.
The orc warrior hits you with a +0 dire flail!
* * * LOW HITPOINT WARNING * * *
You hit the orc warrior.
The orc warrior is severely wounded.
The orc warrior hits you with a +0 dire flail!
You die...

##################
###########.................
#<........[@o...............
###########)..##############
#<..........................
######..)##...##############
#...##...# #..... #...##...#
#..... #...##...# #.....
#...##...##### #.....
#...##.......# #.....


You could see an orc warrior.

Vanquished Creatures
  Duvessa (D:5)
  A sky beast (D:6)
  An orc warrior (D:6)
  An ice beast (D:5)
  A centaur (D:5)
  2 ogres (D:5)
  Blork the orc (D:4)
  A scorpion (D:6)
  Dowan (D:5)
  6 killer bees
  2 crimson imps (D:6)
  A bullfrog zombie (D:7)
  A centaur skeleton (D:6)
  A bullfrog skeleton (D:5)
  2 hounds
  2 orc priests
  6 orc wizards
  An iguana (D:4)
  2 worker ants
  6 gnolls
  3 adders
  2 shadow imps
  An ooze (D:4)
  An adder skeleton (D:6)
  4 leopard geckos
  13 orcs
  4 giant cockroaches
  5 goblins
  2 hobgoblins (D:1)
  8 jackals
  4 kobolds
  A quokka (D:4)
  10 bats
  A frilled lizard (D:3)
  A jackal skeleton (D:6)
  A quokka zombie (D:7)
  7 rats
108 creatures vanquished.

Notes
Turn   | Place    | Note
-------+----------+-------------------------------------------
     0 | D:1      | HoaS the Gargoyle Gladiator began the quest for the Orb.
     0 | D:1      | Reached XP level 1. HP: 12/12 MP: 1/1
   247 | D:1      | Reached XP level 2. HP: 18/18 MP: 2/2
   694 | D:1      | Reached XP level 3. HP: 22/22 MP: 3/3
  1208 | D:2      | Reached skill level 4 in Staves
  1577 | D:3      | Reached XP level 4. HP: 28/28 MP: 4/4
  1800 | D:3      | Reached XP level 5. HP: 8/32 MP: 5/5
  2088 | D:3      | Reached skill level 5 in Staves
  2715 | D:4      | Noticed Blork the orc
  2722 | D:4      | Killed Blork the orc
  2722 | D:4      | Reached XP level 6. HP: 25/38 MP: 2/6
  2880 | D:4      | Found a glowing golden altar of the Shining One.
  2880 | D:4      | Found a runed translucent door.
  2880 | D:4      | Noticed an angel
  3139 | D:4      | Reached skill level 6 in Staves
  3390 | D:5      | Entered Level 5 of the Dungeon
  3528 | D:5      | Noticed an ice beast
  3531 | D:5      | Noticed Dowan
  3554 | D:5      | Killed an ice beast
  3554 | D:5      | Reached XP level 7. HP: 43/44 MP: 7/7
  3562 | D:5      | Killed Dowan
  3562 | D:5      | Reached skill level 5 in Fighting
  3574 | D:5      | Noticed Duvessa
  3603 | D:5      | Killed Duvessa
  3603 | D:5      | Reached skill level 7 in Staves
  3653 | D:5      | Found a snail-covered altar of Cheibriados.
  3659 | D:5      | Found a hazy altar of Hepliaklqana.
  3661 | D:5      | Found a shattered altar of Ashenzari.
  3661 | D:5      | Found a white marble altar of Elyvilon.
  3661 | D:5      | Found a sparkling altar of Nemelex Xobeh.
  3665 | D:5      | Found a basalt altar of Yredelemnul.
  3667 | D:5      | Found a stormy altar of Qazlal.
  3668 | D:5      | Found a bloodstained altar of Trog.
  3669 | D:5      | Found an opulent altar of Gozag.
  3905 | D:5      | Reached XP level 8. HP: 8/51 MP: 1/8
  4365 | D:6      | Reached skill level 8 in Staves
  4930 | D:6      | Reached skill level 9 in Staves
  5225 | D:6      | Reached XP level 9. HP: 38/57 MP: 9/9
  5483 | D:6      | Mangled by an orc warrior

Illustrated notes

Levels and vault maps discovered:
D:1:      onia_arrival_pyramid, layout_basic, minmay_pentomino_p4
D:2:      layout_loops_corners, serial_park_tiny_1, grunt_decor_one_mirror
D:3:      layout_loops_ring, minmay_hedge_maze
D:4:      layout_loops_ring, first_ration, lemuel_angel_altar,
          uniq_blork_the_orc
D:5:      layout_loops_ring, minitemple, enter_ossuary_1, uniq_duvessa
D:6:      layout_basic
D:7:      layout_gridville, nicolae_overflow_hidden_temple,
          gammafunk_temple_overflow_wave, minmay_temple_entry_waves,
          chequers_serial_rivers_micro_a, the_bakery

Skill      XL: |  1  2  3  4  5  6  7  8 |
---------------+-------------------------+-----
Staves         | 4 5 6 7 9 |  9.8
Fighting       | 3 4 5 7 |  7.4
Throwing       | |  1.7
Dodging        | |  2.4

Action                   |  1- 3 |  4- 6 |  7- 9 || total
-------------------------+-------+-------+-------++-------
Melee: Quarterstaff      |   113 |   170 |   201 ||   484
Throw: Throwing net      |     1 |       |     1 ||     2
  Use: Scroll            |     5 |     4 |     5 ||    14
 Stab: Held in net/web   |     1 |       |       ||     1
  Eat: Chunk             |     2 |     7 |     5 ||    14
Armor: Leather armour    |     4 |       |       ||     4
       Ring mail         |    54 |       |       ||    54
       Scale mail        |    19 |    75 |    43 ||   137
       Plate armour      |       |       |    48 ||    48
Dodge: Dodged            |   103 |    76 |    90 ||   269
